Workbook

Sheet IS
B1: CY 2018 | C1: CY 2019 | D1: CY 2020
A2: Sales | B2: 3.9496459e+08 | C2: 4.1273799e+08 | D2: 5.1179511e+08
A3: Cost of Sales | B3: -3.3382234e+08 | C3: -3.437282e+08 | D3: -424732001
A4: Gross profit | B4: =SUM(B2:B3) -> 61142249 | C4: =SUM(C2:C3) -> 69009792 | D4: =SUM(D2:D3) -> 87063111
A5: Gross margin | B5: =B4/B2 -> 0.15480438 | C5: =C4/C2 -> 0.1672 | D5: =D4/D2 -> 0.17011321
A7: General & Admin expenses | B7: -19590244 | C7: -15271306 | D7: -13613750
A8: Selling expenses | B8: -8570731.5 | C8: -9121509.7 | D8: -11259492
A9: EBITDA | B9: =B4+SUM(B7:B8) -> 32981274 | C9: =C4+SUM(C7:C8) -> 44616977 | D9: =D4+SUM(D7:D8) -> 62189868
A10: EBITDA margin | B10: =B9/B2 -> 0.083504382 | C10: =C9/C2 -> 0.1081 | D10: =D9/D2 -> 0.12151321
A12: Depreciation and amortization | B12: -10861526 | C12: -11804307 | D12: -11668929
A13: Non-operating expenses | B13: -671439.79 | C13: -619106.99 | D13: -972410.71
A14: Interest expense | B14: -962500 | C14: -1067500 | D14: -1172500
A15: Profit / (loss) before income tax | B15: =B9+SUM(B12:B14) -> 20485808 | C15: =C9+SUM(C12:C14) -> 31126063 | D15: =D9+SUM(D12:D14) -> 48376029
A16: Profit margin | B16: =B15/B2 -> 0.051867455 | C16: =C15/C2 -> 0.075413613 | D16: =D15/D2 -> 0.094522257
A18: Number of items sold (units) | B18: 216380 | C18: 205561 | D18: 234494

Sheet BS
B1: CY 2018 | C1: CY 2019 | D1: CY 2020
A2: ASSETS
A4: Non-current assets
A5: Property, plant and equipment | B5: 1.1754573e+08 | C5: 1.1046047e+08 | D5: 1.0475388e+08
A6: Intangible assets | B6: 11593781 | C6: 9823135.1 | D6: 8072795.8
A7: Total non-current assets | B7: =SUM(B5:B6) -> 1.2913951e+08 | C7: =SUM(C5:C6) -> 1.2028361e+08 | D7: =SUM(D5:D6) -> 1.1282668e+08
A9: Current assets
A10: Inventory | B10: 1.1846757e+08 | C10: 1.525034e+08 | D10: 1.9002073e+08
A11: Trade receivables | B11: 38134015 | C11: 56852263 | D11: 63735078
A12: Other receivables | B12: 4526535.6 | C12: 5729791.9 | D12: 6228034.7
A13: Cash and cash equivalents | B13: 15556225 | C13: 9096313 | D13: 5908045.5
A14: Total current assets | B14: =SUM(B10:B13) -> 1.7668435e+08 | C14: =SUM(C10:C13) -> 2.2418177e+08 | D14: =SUM(D10:D13) -> 2.6589189e+08
A16: Total assets | B16: =B7+B14 -> 3.0582386e+08 | C16: =C7+C14 -> 3.4446538e+08 | D16: =D7+D14 -> 378718570
A18: EQUITY
A20: Shareholder's equity
A21: Share capital | B21: 50000000 | C21: 50000000 | D21: 50000000
A22: Retained earnings | B22: 91683750 | C22: 92809814 | D22: 1.1118584e+08
A23: Total equity | B23: =SUM(B21:B22) -> 1.4168375e+08 | C23: =SUM(C21:C22) -> 1.4280981e+08 | D23: =SUM(D21:D22) -> 1.6118584e+08
A25: LIABILITIES
A27: Non – current liabilities
A28: Bank debt | B28: 66082500 | C28: 69664500 | D28: 73246500
A29: Total non-current liabilities | B29: =SUM(B28) -> 66082500 | C29: =SUM(C28) -> 69664500 | D29: =SUM(D28) -> 73246500
A31: Current Liabilities
A32: Bank debt | B32: 2418000 | C32: 2418000 | D32: 2418000
A33: Trade payables | B33: 92018323 | C33: 1.2602278e+08 | D33: 1.3824549e+08
A34: Other liabilities | B34: 3621286.2 | C34: 3550281.4 | D34: 3622735.8
A35: Total current liabilities | B35: =SUM(B32:B34) -> 98057609 | C35: =SUM(C32:C34) -> 1.3199107e+08 | D35: =SUM(D32:D34) -> 1.4428623e+08
A36: Total liabilities | B36: =B29+B35 -> 1.6414011e+08 | C36: =C29+C35 -> 2.0165557e+08 | D36: =D29+D35 -> 2.1753273e+08
A38: Total liabilities and shareholders’ equity | B38: =B23+B36 -> 3.0582386e+08 | C38: =C23+C36 -> 3.4446538e+08 | D38: =D23+D36 -> 378718570
A40: Check | B40: =B16-B38 -> 0 | C40: =C16-C38 -> 0 | D40: =D16-D38 -> 0

Sheet CFS
B1: CY 2018 | C1: CY 2019 | D1: CY 2020
A2: Operating
A3: Net profit /loss before tax | B3: =IS!B15 -> 20485808 | C3: =IS!C15 -> 31126063 | D3: =IS!D15 -> 48376029
A5: Adjusted for:
A6: Depreciation and amortization | B6: =-IS!B12 -> 10861526 | C6: =-IS!C12 -> 11804307 | D6: =-IS!D12 -> 11668929
A7: Interest expense | B7: =-IS!B14 -> 962500 | C7: =-IS!C14 -> 1067500 | D7: =-IS!D14 -> 1172500
A9: Operating profit / loss before working capital changes | B9: =SUM(B3:B7) -> 32309834 | C9: =SUM(C3:C7) -> 43997870 | D9: =SUM(D3:D7) -> 61217458
A11: Changes in working capital:
A12: Inventories | B12: -6310955.4 | C12: =-(BS!C10-BS!B10) -> -34035834 | D12: =-(BS!D10-BS!C10) -> -37517329
A13: Trade and other receivables | B13: 9412537.7 | C13: =-(BS!C11-BS!B11+BS!C12-BS!B12) -> -19921505 | D13: =-(BS!D11-BS!C11+BS!D12-BS!C12) -> -7381057.7
A14: Trade and other payables | B14: 2551404.6 | C14: =BS!C33-BS!B33+BS!C34-BS!B34 -> 33933456 | D14: =BS!D33-BS!C33+BS!D34-BS!C34 -> 12295162
A15: Cash from / (used in) operations | B15: =SUM(B9:B14) -> 37962821 | C15: =SUM(C9:C14) -> 23973987 | D15: =SUM(D9:D14) -> 28614233
A17: Income tax paid | B17: 0 | C17: 0 | D17: 0
A18: Cash flows from operating activities, net | B18: =SUM(B15:B17) -> 37962821 | C18: =SUM(C15:C17) -> 23973987 | D18: =SUM(D15:D17) -> 28614233
A20: Investing
A21: Purchase of long-term assets | B21: -2565108 | C21: =-(BS!C5-BS!B5+BS!C6-BS!B6)-C6 -> -2948400 | D21: =-(BS!D5-BS!C5+BS!D6-BS!C6)-D6 -> -4212000
A22: Cash flows from investing activities, net | B22: =SUM(B21) -> -2565108 | C22: =SUM(C21) -> -2948400 | D22: =SUM(D21) -> -4212000
A24: New loans / (Loan Repayments) | B24: 4582000 | C24: =BS!C32-BS!B32+BS!C28-BS!B28 -> 3582000 | D24: =BS!D32-BS!C32+BS!D28-BS!C28 -> 3582000
A25: Dividends paid | B25: -30500000 | C25: -30000000 | D25: -30000000
A26: Interest paid | B26: =-B7 -> -962500 | C26: =-C7 -> -1067500 | D26: =-D7 -> -1172500
A27: Cash flows from financing activities, net | B27: =SUM(B24:B26) -> -26880500 | C27: =SUM(C24:C26) -> -27485500 | D27: =SUM(D24:D26) -> -27590500
A29: Net change in cash and cash equivalents | B29: =B18+B22+B27 -> 8517213 | C29: =C18+C22+C27 -> -6459912.5 | D29: =D18+D22+D27 -> -3188267.5
A30: Cash and cash equivalents at beginning | B30: 7039012.5 | C30: 15556225 | D30: 9096312.2
A31: Cash and cash equivalents at end | B31: =SUM(B29:B30) -> 15556225 | C31: =SUM(C29:C30) -> 9096313 | D31: =SUM(D29:D30) -> 5908044.7
A33: Check | B33: =B31-BS!B13 -> 0.0078077111 | C33: =C31-BS!C13 -> 0.007807713 | D33: =D31-BS!D13 -> -0.79219228
